 Dungeon Crawl Stone Soup version 0.27.1-34-g3ba077fa99 (webtiles) character file.

Game seed: 18383277954772366137

8398 MisterFreud the Basher (level 11, -5/102 HPs)
             Began as a Troll Berserker on Jan 30, 2022.
             Was a High Priest of Trog.
             Slain by Psyche (13 damage)
             ... on level 9 of the Dungeon.
             The game lasted 00:13:53 (6764 turns).

MisterFreud the Basher (Troll Berserker)            Turns: 6764, Time: 00:13:53

Health: -5/102     AC: 17    Str: 27    XL:     11   Next: 9%
Magic:  10/10      EV: 10    Int:  4    God:    Trog [*****.]
Gold:   331        SH:  0    Dex: 17    Spells: 10/10 levels left

rFire    . . .     SeeInvis .   I - +2 morningstar (freeze)
rCold    . . .     Faith    .   (no shield)
rNeg     + . .     Spirit   .   K - +2 pearl dragon scales
rPois    .         Reflect  .   (helmet restricted)
rElec    .         Harm     .   o - +0 cloak
rCorr    .         Rampage  .   (gloves unavailable)
Will     ++...                  (boots unavailable)
Stlth    ..........             (no amulet)
HPRegen  2.27/turn              C - +6 ring of dexterity
MPRegen  0.12/turn              (no ring)

@: lethally poisoned (-5 -> -5), strong-willed (expiring), regenerating
(expiring), hasted (expiring), very quick
A: large, unfitting armour, claws 3, regeneration 1, shaggy fur 1, tough skin 1
a: Renounce Religion, Berserk, Trog's Hand, Brothers in Arms


You were on level 9 of the Dungeon.
You worshipped Trog.
Trog was extremely pleased with you.
You visited 1 branch of the dungeon, and saw 9 of its levels.
You visited the Abyss 1 time.
You also visited: Sewer.

You collected 511 gold pieces.
You spent 180 gold pieces at shops.

Inventory:

Hand Weapons
 f - a +2 antimagic giant spiked club
 t - a +0 mace of protection
 x - a +0 morningstar
 I - a +2 morningstar of freezing (weapon)
Missiles
 l - 8 curare-tipped darts (quivered)
 z - 10 javelins
 D - 5 boomerangs
 H - 55 poisoned darts
 M - 3 throwing nets
 N - 2 atropa-tipped darts
Armour
 o - a +0 cloak (worn)
 K - +2 pearl dragon scales (worn)
Jewellery
 n - a ring of positive energy
 y - a ring of magical power
 C - a +6 ring of dexterity (left claw)
Wands
 i - a wand of polymorph (9)
 q - a wand of flame (28)
 E - a wand of iceblast (14)
 F - a wand of digging (3)
 J - a wand of acid (6)
 P - a wand of paralysis (13)
Scrolls
 c - a scroll of fear
 e - a scroll of summoning
 j - 3 scrolls of identify
 m - 3 scrolls of magic mapping
 r - a scroll of immolation
 u - 3 scrolls of teleportation
 O - a scroll of holy word
Potions
 a - 4 potions of flight
 b - a potion of berserk rage
 d - 2 potions of resistance
 g - 5 potions of curing
 h - 3 potions of haste
 k - 3 potions of attraction
 w - a potion of heal wounds
 B - a potion of ambrosia
 L - a potion of invisibility


   Skills:
 - Level 5.0 Fighting
 + Level 11.8 Maces & Flails
 - Level 6.0 Throwing
 - Level 5.0 Armour
 - Level 5.0 Dodging


You had 10 spell levels left.
You didn't know any spells.
Your spell library was empty.

Dungeon Overview and Level Annotations

Branches:
Dungeon (9/15)             Temple (0/1) D:7             Orc (0/2) D:9
  Sewer (visited)
   Lair: D:8-11

Altars:
Cheibriados

Shops:
D:6 (

Annotations:
D:9 Psyche


Innate Abilities, Weirdness & Mutations

You are too large for most types of armour.
You have claws for hands.
Your natural rate of healing is unusually fast.
You are covered in fur. (AC +1)
You have tough skin. (AC +1)


Message History

You impale the manticore!! You freeze the manticore.
You kill the manticore!
Trog accepts your kill.
Unknown command.
Unknown command.
You hit the cyclops but do no damage.
The cyclops is lightly wounded.
You hit the cyclops. You freeze the cyclops.
The cyclops is lightly wounded.
The cyclops hits you!!
Unknown command.
You puncture the cyclops! You freeze the cyclops.
The cyclops is moderately wounded.
Unknown command.
You thump the cyclops! You freeze the cyclops.
The cyclops is severely wounded.
The cyclops disappears!
Unknown command.
Something hits you!!
Items here: $ ) [ ††††.
You closely miss something. Something hits you.
* * * LOW HITPOINT WARNING * * *
Something burns you.
* * * LOW HITPOINT WARNING * * *
You miss something. Something hits you!
* * * LOW HITPOINT WARNING * * *
You are poisoned.
Unknown command.
Unknown command.
Unknown command.
Aiming: Corrosive Bolt
Press: ? - help, Shift-Dir - straight line The bolt of acid hits something!
The acid corrodes something!
Your extra speed is starting to run out.
You feel the effects of Trog's Hand fading.
You feel very sick. Something hits you!
* * * LOW HITPOINT WARNING * * *
You are electrocuted!
You die...

.#. ..
#............... # C
##.#
#..........#.... #
##. #.§....°........
#.##..4............
#..#.........##...
#..#....###..#
##[#....# #..#
#{##....# #..#
###@#.#...###..##
#..#.##.........#
#...##.###...###..##
...## ## #.....>..#
. # ##......###.
...##...##......
................
...###.)########.
...<...).........


There were no monsters in sight!

Vanquished Creatures
  Harold (D:7)
  A boulder beetle (D:9)
  A two-headed ogre (D:9)
  A wizard (D:9)
  2 manticores (D:9)
  Joseph (D:7)
  A kobold demonologist (D:9)
  A troll (D:9)
  A wyvern (D:9)
  A yak (D:9)
  A steam dragon (D:7)
  An acid dragon (D:9)
  Duvessa (D:6)
  2 ice beasts
  An orc warrior (D:9)
  A necrophage (D:4)
  2 centaurs
  5 kobold brigands
  A phantom (D:6)
  4 bullfrogs
  A gnoll sergeant (D:8)
  Dowan (D:6)
  A scorpion (D:6)
  A water moccasin skeleton (D:6)
  8 killer bees
  20 wights
  5 howler monkeys
  A centaur zombie (D:4)
  2 hounds
  2 jellies
  10 orc priests
  Crazy Yiuf (D:2)
  Jessica (D:3)
  2 iguanas
  8 orc wizards
  6 gnolls
  5 adders
  3 river rats
  A shadow imp (D:5)
  3 white imps
  3 worms
  2 dart slugs
  34 orcs
  10 endoplasms
  5 giant cockroaches
  A goblin (D:1)
  5 hobgoblins
  7 jackals
  24 kobolds
  4 quokkas
  8 ball pythons
  5 bats
  3 frilled lizards
  5 rats
228 creatures vanquished.

Notes
Turn   | Place    | Note
-------+----------+-------------------------------------------
     0 | D:1      | MisterFreud the Troll Berserker began the quest for the
                  | Orb.
     0 | D:1      | Reached XP level 1. HP: 22/22 MP: 0/0
   109 | D:1      | Reached skill level 3 in Maces & Flails
   469 | D:1      | Reached XP level 2. HP: 29/29 MP: 1/1
   792 | D:2      | Reached XP level 3. HP: 36/36 MP: 2/2
   841 | D:2      | Reached ** piety under Trog
   900 | D:2      | Reached skill level 4 in Maces & Flails
   950 | D:2      | Found a runed translucent door.
   951 | D:2      | Noticed Crazy Yiuf
  1286 | D:2      | Killed Crazy Yiuf
  1287 | D:2      | Reached XP level 4. HP: 44/44 MP: 3/3
  1442 | D:3      | Reached skill level 5 in Maces & Flails
  1509 | D:3      | Noticed Jessica
  1516 | D:3      | Killed Jessica
  1517 | D:3      | Reached XP level 5. HP: 45/50 MP: 4/4
  2009 | D:3      | Found a faded altar of an unknown god.
  2379 | D:4      | Reached *** piety under Trog
  2380 | D:4      | Reached skill level 6 in Maces & Flails
  2434 | D:4      | Reached XP level 6. HP: 57/59 MP: 5/5
  2892 | D:4      | Reached skill level 7 in Maces & Flails
  2961 | D:5      | Entered Level 5 of the Dungeon
  2969 | D:5      | Reached XP level 7. HP: 66/66 MP: 6/6
  3690 | D:6      | Found Ynkon's Antique Weapon Boutique.
  3695 | D:6      | Bought a translucent whip for 180 gold pieces
  3695 | D:6      | Identified the +4 whip of the Screaming Bear {pain, rElec
                  | rPois} (You bought it in a shop on level 6 of the Dungeon)
  3738 | D:6      | Reached skill level 8 in Maces & Flails
  3767 | D:6      | Found a glowing drain.
  3787 | Sewer    | Entered a sewer
  3866 | Sewer    | Reached **** piety under Trog
  3919 | Sewer    | Found a white marble altar of Elyvilon.
  4038 | D:6      | Noticed Duvessa
  4038 | D:6      | Noticed Dowan
  4046 | D:6      | Killed Duvessa
  4052 | D:6      | Killed Dowan
  4053 | D:6      | Reached XP level 8. HP: 76/76 MP: 7/7
  4336 | D:6      | HP: 2/72 [wight (2)]
  4934 | D:7      | Reached skill level 5 in Fighting
  4934 | D:7      | Reached skill level 5 in Dodging
  4959 | D:7      | Reached skill level 1 in Throwing
  5122 | D:7      | Reached XP level 9. HP: 85/86 MP: 8/8
  5277 | D:7      | Noticed Joseph
  5293 | D:7      | Killed Joseph
  5294 | D:7      | Reached skill level 1 in Armour
  5294 | D:7      | Found a staircase to the Ecumenical Temple.
  5533 | D:8      | Noticed Harold
  5582 | D:7      | Killed Harold
  5583 | D:7      | Reached skill level 9 in Maces & Flails
  5796 | D:8      | Found a snail-covered altar of Cheibriados.
  6018 | D:8      | Reached skill level 5 in Throwing
  6018 | D:8      | Reached XP level 10. HP: 96/96 MP: 9/9
  6031 | D:8      | Reached ***** piety under Trog
  6490 | D:9      | Noticed a manticore
  6502 | D:9      | Killed a manticore
  6539 | D:9      | Received a gift from Trog
  6563 | D:9      | Found a staircase to the Orcish Mines.
  6594 | D:9      | Reached skill level 10 in Maces & Flails
  6594 | D:9      | Noticed a cyclops
  6594 | D:9      | Noticed a boulder beetle
  6618 | D:9      | Noticed a rust devil
  6622 | D:9      | Noticed a two-headed ogre
  6638 | D:9      | Reached skill level 5 in Armour
  6660 | D:9      | Killed a boulder beetle
  6666 | D:9      | Reached skill level 11 in Maces & Flails
  6675 | D:9      | Killed a two-headed ogre
  6682 | D:9      | Noticed a wizard
  6685 | D:9      | Cast into level 3 of the Abyss (a wizard)
  6693 | Abyss:3  | Noticed a worldbinder
  6735 | D:9      | Escaped the Abyss
  6739 | D:9      | Noticed Psyche
  6742 | D:9      | Killed a wizard
  6743 | D:9      | Reached XP level 11. HP: 61/102 MP: 10/10
  6764 | D:9      | Slain by Psyche

Illustrated notes

Levels and vault maps discovered:
D:1:      zaba_arrival_water, layout_loops_cross
D:2:      layout_loops_ring, uniq_crazy_yiuf_cottage
D:3:      layout_basic, shapermc_ecumenical_altar_hornbeckon,
          mrwooster_statue_mirror, uniq_jessica
D:4:      layout_basic, hangedman_abyss_or_decor_lesser_grid
D:5:      layout_basic
D:6:      layout_loops_ring, cheibrodos_sewer_entry_sluice, serial_shops, shop,
          uniq_duvessa
D:7:      layout_basic, minmay_temple_entry_waves, uniq_joseph
D:8:      layout_rooms, mainiacjoe_overflow_six_doors_small, uniq_harold
D:9:      minmay_ornate_pinched, layout_basic, gammafunk_ghost_spectres,
          serial_bayou_crossing, uniq_psyche

Skill      XL: |  1  2  3  4  5  6  7  8  9 10 |
---------------+-------------------------------+-----
Maces & Flails | 3 4 5 6 7 8 9 11 | 11.8
Fighting       | 3 5 |  5.0
Dodging        | 3 5 |  5.0
Throwing       | 2 5 6 |  6.0
Armour         | 3 5 |  5.0

Action                   |  1- 3 |  4- 6 |  7- 9 | 10-12 || total
-------------------------+-------+-------+-------+-------++-------
Melee: Mace              |   118 |   204 |   254 |       ||   576
       Morningstar       |       |       |   140 |   200 ||   340
Invok: Berserk           |     1 |       |     5 |       ||     6
       Trog's Hand       |       |       |       |     2 ||     2
Evoke: Wand              |       |       |     2 |     1 ||     3
  Use: Potion            |       |       |     1 |     1 ||     2
       Scroll            |       |       |       |    21 ||    21
Armor: Animal skin       |    41 |   105 |   113 |       ||   259
       Pearl dragon scal |       |       |    85 |   122 ||   207
Dodge: Dodged            |    83 |   124 |   206 |   126 ||   539
